 Dungeon Crawl Stone Soup version 0.29.0-11-gd7f09526c8 (webtiles) character file.

Game seed: 11452420145723347841

47 browni3141 the Sneak (level 3, -5/29 HPs)
             Began as a Ghoul Enchanter on Sept 5, 2022.
             Slain by Natasha (8 damage)
             ... on level 3 of the Dungeon.
             The game lasted 00:04:30 (2023 turns).

browni3141 the Sneak (Ghoul Enchanter)              Turns: 2023, Time: 00:04:30

Health: -5/29      AC:  2    Str: 11    XL:     3   Next: 70%
Magic:  1/4        EV: 11    Int: 10    God:
Gold:   40         SH:  3    Dex: 11    Spells: 0/5 levels left

rFire   . . .      SeeInvis .   a - +1 dagger
rCold   + . .      Faith    .   i - +0 buckler
rNeg    + + +      Spirit   .   b - +0 robe
rPois   ∞          Reflect  .   (no helmet)
rElec   .          Harm     .   (no cloak)
rCorr   .          Rampage  .   (no gloves)
Will    .....                   (no boots)
Stlth   ++........              (no amulet)
HPRegen 0.00/turn               (no ring)
MPRegen 0.09/turn               (no ring)

@: very slightly contaminated, inhibited regen
A: claws 1, cold resistance 1, negative energy resistance 3, inhibited
regeneration, torment resistance 2, devour on kill
a: no special abilities


You were on level 3 of the Dungeon.
You visited 1 branch of the dungeon, and saw 3 of its levels.

You collected 40 gold pieces.


Innate Abilities, Weirdness & Mutations

You are immune to poison.
You have sharp fingernails.
Your flesh is cold resistant. (rC+)
You are immune to negative energy. (rN+++)
You do not regenerate when monsters are visible.
You are immune to unholy pain and torment.
You thrive by killing the living.


   Skills:
 - Level 2.0 Fighting
 * Level 1.3 Short Blades
 - Level 1.7 Dodging
 * Level 4.0 Stealth
 * Level 0.4 Shields
 - Level 1.7 Spellcasting
 * Level 2.5 Hexes
 * Level 0.5 Ice Magic


You couldn't memorise any spells.
You knew the following spells:

 Your Spells              Type           Power      Damage    Failure   Level
o - Confusing Touch       Hex            5%         N/A       43%         3
z - Ensorcelled Hibernat  Hex/Ice        6%         N/A       34%         2

Your spell library contained the following spells:

 Spells                   Type           Power      Damage    Failure   Level
 Tukima's Dance           Hex            5%         N/A       43%         3
 Dazzling Flash           Conj/Hex       6%         N/A       61%         3
 Ignite Poison            Fire/Tmut/Pois 0%         N/A       78%         3
 Mephitic Cloud           Conj/Pois/Air  0%         N/A       78%         3
 Freezing Cloud           Conj/Ice/Air   0%         6-21      100%        5

Inventory:

Hand Weapons
 a - a +1 dagger (weapon)
 n - a +0 short sword
Missiles
 k - a poisoned dart (quivered) {@f3}
Armour
 b - a +0 robe (worn)
 i - a +0 buckler (worn)
Scrolls
 g - a scroll of identify {unknown}
 h - a scroll of fog {unknown}
 l - a scroll of blinking {unknown}
 m - 3 scrolls of noise {unknown}
 o - a scroll of brand weapon {unknown}
 p - a scroll of teleportation {unknown}
 q - a scroll of immolation {unknown}
Potions
 c - 2 potions of invisibility
 d - a potion of resistance {unknown}
 e - a potion of heal wounds {unknown}
 j - a potion of flight {unknown}

Dungeon Overview and Level Annotations

Branches:
Dungeon (3/15)

Altars:

Annotations:
D:2 Natasha

#. .#
##.###.####
....#....
###.#!#..#
........#
###...$..####
#...<5.......
#.#.#.#.####
#...@...#
####........
#.##.#### #.#
## #.# ..#
###


You could see a crimson imp (summoned).


Message History

You hear a zap.
A puff of flame appears from out of thin air!
The puff of flame hits you!
* * * LOW HITPOINT WARNING * * *
You feel better.
You hear some strange, mumbled words.
You aren't carrying any items that you can evoke.
Casting: Ensorcelled Hibernation (quite dangerous; 34% risk of failure)
Confirm with . or Enter, or press ? or * to list all spells.
Okay, then.
Casting: Ensorcelled Hibernation (quite dangerous; 34% risk of failure)
Confirm with . or Enter, or press ? or * to list all spells.
The spell is extremely dangerous to miscast (43% risk of failure)!
Continue anyway?
You miscast Confusing Touch.
You are very lightly contaminated with residual magic.
Nothing appears to happen.
You hear a zap.
A puff of flame appears from out of thin air!
The puff of flame hits you!
* * * LOW HITPOINT WARNING * * *
Casting: Confusing Touch (extremely dangerous; 43% risk of failure)
Confirm with . or Enter, or press ? or * to list all spells.
You don't have enough magic to cast this spell.
Unknown command.
You feel better. Something claws you!
* * * LOW HITPOINT WARNING * * *
Something claws you.
* * * LOW HITPOINT WARNING * * *
Something claws you!
You die...

Skill      XL: |  1  2  3 |
---------------+----------+-----
Fighting       | 1 2 |  2.0
Short Blades   | 1 |  1.3
Stealth        | 4 |  4.0
Dodging        | |  1.7
Shields        | |  0.4
Spellcasting   | |  1.7
Hexes          | |  2.5
Ice Magic      | |  0.5

Action                   || total
-------------------------++-------
Melee: Dagger            ||   133
       Punch             ||     1
Throw: Dart              ||     2
 Cast: Ensorcelled Hiber ||     1
  Use: Potion            ||     3
 Stab: Sleeping          ||    11
Armor: Robe              ||    19
Dodge: Dodged            ||    81
Block: Buckler           ||     6

Levels and vault maps discovered:
D:1:      dpeg_arrival_prison, layout_loops_ring, minmay_pentomino_s2
D:2:      layout_basic, shapermc_ecumenical_altar_mp_urbaneastern,
          minmay_vboxes, uniq_natasha
D:3:      layout_basic, okawaru_ov_weapons_minmay

Notes
Turn   | Place    | Note
-------+----------+-------------------------------------------
     0 | D:1      | browni3141 the Ghoul Enchanter began the quest for the Orb.
     0 | D:1      | Reached XP level 1. HP: 14/14 MP: 2/2
    95 | D:1      | Reached skill level 1 in Fighting
   229 | D:1      | Reached XP level 2. HP: 5/24 MP: 3/3
   463 | D:1      | Reached skill level 2 in Fighting
   472 | D:1      | Reached skill level 1 in Short Blades
   528 | D:1      | HP: 1/24 [ball python (2)]
  1153 | D:1      | Reached XP level 3. HP: 24/29 MP: 4/4
  1161 | D:1      | Learned a level 2 spell: Ensorcelled Hibernation
  1165 | D:1      | Learned a level 3 spell: Confusing Touch
  1921 | D:2      | Reached skill level 4 in Stealth
  1971 | D:2      | Noticed Natasha
  1988 | D:2      | Found a faded altar of an unknown god.
  2016 | D:3      | HP: 2/29 [something (4)]
  2023 | D:3      | Slain by Natasha

Vanquished Creatures
  An adder (D:2)
  A dart slug (D:1)
  5 ball pythons
  2 endoplasms (D:1)
  2 giant cockroaches
  5 goblins
  3 hobgoblins (D:1)
  2 kobolds (D:1)
  6 frilled lizards
  8 rats (D:1)
35 creatures vanquished.

Vanquished Creatures (others)
  A fungus (D:2)
1 creature vanquished.

Grand Total: 36 creatures vanquished

Table legend: (Time is in decaauts)
 A = Elapsed time spent in this place.
 B = Non-inter-level travel time spent in this place.
 C = Inter-level travel time spent in this place.
 D = Time resting spent in this place.
 E = Time spent auto-exploring this place.
 F = Levels seen in this place.
 G = Mean time per level.
                   A        B        C        D        E       F      G
               +--------+--------+--------+--------+--------+-----+--------+
         Total |   2019 |   2004 |     15 |    340 |   1151 |   3 |  673.0 |
       Dungeon |   2019 |   2004 |     15 |    340 |   1151 |   3 |  673.0 |
               +--------+--------+--------+--------+--------+-----+--------+

Top non-repeatable levels by time:
     D:1: 1708 daAuts
     D:2: 303 daAuts
     D:3: 7 daAuts

Table legend:
 A = Non-vault XP
 B = Vault XP
 C = Vault XP percentage of total XP
 D = Non-vault monster count
 E = Vault monster count
 F = Vault count percentage of total count
                 A         B        C        D         E       F
            +---------+---------+-------+---------+---------+-------
      Total |      66 |       2 |   2.9 |      33 |       2 |   5.7
            +---------+---------+-------+---------+---------+-------
        D:1 |      42 |       2 |   4.5 |      26 |       2 |   7.1
        D:2 |      24 |       0 |   0.0 |       7 |       0 |   0.0
            +---------+---------+-------+---------+---------+-------
